Map: Triton LE

Players

Ratl - Winner!

  • Race: Zerg Zerg
  • Spawn Location: 11:00

VOD

Have the link to the VOD?

Description

Time

  • Played on: Oct. 28, 2019, 1:47 p.m.
  • Length: 16:06
Show
View Real Time Build Order
Export as new Build Order

Ratl Zerg - Winner!

Build Orders:  

Get SALT Encoding   

  12  0:12  Overlord  
  12  0:19  Drone  
  13  0:35  Drone  
  13  0:38  Drone  
  15  0:47  Drone  
  16  1:04  Drone, Spawning Pool  
  16  1:15  Extractor  
  16  1:18  Drone  
  16  1:26  Extractor  
  16  1:29  Drone  
  16  1:46  Drone  
  17  1:58  Drone  
  18  2:10  Queen  
  20  2:20  Overlord  
  20  2:37  Drone  
  21  2:53  Drone  
  22  3:00  Drone  
  23  3:21  Evolution Chamber  
  22  3:30  Drone x2  
  24  3:53  Drone  
  25  4:05  Lair  
  25  4:08  Drone  
  26  4:23  Drone, Roach Warren  
  26  4:29  Drone  
  27  4:35  Zergling x6  
  30  4:51  Metabolic Boost  
  30  4:57  Hatchery  
  29  5:04  Overlord  
  29  5:09  Overlord  
  29  5:15  Pneumatized Carapace  
  29  5:28  Overlord x3  
  29  5:41  Zerg Melee Weapons Level 1  
  29  6:00  Baneling Nest  
  29  6:09  Drone x2  
  30  6:10  Drone x3  
  30  6:11  Extractor  
  32  6:37  Drone x2  
  34  6:43  Drone  
  34  6:45  Queen  
  37  6:53  Drone  
  37  6:54  Drone x3  
  41  7:08  Roach  
  40  8:05  Hydralisk Den  
  39  8:13  Drone x2, Infestation Pit  
  40  8:20  Drone x2, Zerg Missile Weapons Level 1  
  40  8:21  Drone  
  40  8:29  Extractor, Drone x2  
  44  8:33  Zergling x2  
  45  8:46  Roach  
  47  8:56  Roach  
  45  9:11  Spine Crawler  
  42  9:26  Hydralisk x2  
  42  9:29  Drone  
  45  9:30  Zergling x6  
  46  9:46  Hydralisk x3  
  46  9:49  Zergling x6  
  55  9:57  Spine Crawler  
  55  9:59  Spine Crawler  
  50  10:17  Pathogen Glands  
  44  10:39  Drone  
  65  10:40  Drone x2  
  45  10:44  Queen  
  49  11:00  Zerg Ground Armor Level 1  
  49  11:13  Zergling x4  
  49  11:18  Hydralisk x3  
  57  11:23  Hatchery  
  57  11:27  Extractor  
  55  11:37  Neural Parasite  
  55  11:40  Spire  
  54  11:51  Nydus Network  
  54  11:58  Drone x3  
  56  12:28  Hydralisk  
  58  12:32  Hydralisk  
  58  12:34  Zergling x4  
  62  13:02  Hydralisk x2  
  62  13:03  Hydralisk x2  
  62  13:06  Spine Crawler  
  69  13:12  Zergling x10  
  69  13:17  Centrifical Hooks  
  74  13:37  Drone x3  
  74  13:38  Queen  
  79  13:43  Overseer  
  79  14:03  Unknown  
  71  15:02  Mutalisk  
  71  15:03  Mutalisk x4  
  71  15:08  Overlord  
  71  15:09  Overlord x5  
  81  15:43  Unknown  
Tags
 
Matchup
Co-op
Add a new tag
Caveats
  • Supply blocks, unpowered buildings, or Contaminate may cause inaccurate times.
  • Supply counts are checked every 10 seconds.